 Dungeon Crawl Stone Soup version 0.29-a0-330-g52719c12eb (webtiles) character file.

Game seed: 12061711203967141046

76 kae the Firebug (level 4, 0/24 HPs)
             Began as a Tengu Fire Elementalist on Apr 14, 2022.
             Slain by a gnoll
             ... wielding a +0 flail
              (6 damage)
             ... on level 2 of the Dungeon.
             The game lasted 00:01:24 (2797 turns).

kae the Firebug (Tengu Fire Elementalist)           Turns: 2797, Time: 00:01:25

Health: 0/24       AC:  2    Str:  8    XL:     4   Next: 32%
Magic:  6/8        EV: 12    Int: 17    God:
Gold:   36         SH:  0    Dex: 15    Spells: 2/8 levels left

rFire   . . .      SeeInvis .   k - +0 short sword
rCold   . . .      Faith    .   (no shield)
rNeg    . . .      Spirit   .   a - +0 robe
rPois   .          Reflect  .   (helmet restricted)
rElec   .          Harm     .   (no cloak)
rCorr   .          Rampage  .   (no gloves)
Will    .....                   (boots unavailable)
Stlth   ++........              (no amulet)
HPRegen 0.08/turn               (no ring)
MPRegen 0.11/turn               (no ring)

@: no status effects
A: beak, talons 3
a: no special abilities


You were on level 2 of the Dungeon.
You visited 1 branch of the dungeon, and saw 4 of its levels.

You collected 148 gold pieces.
You spent 112 gold pieces at shops.

Inventory:

Hand Weapons
 k - a +0 short sword (weapon)
Armour
 a - a +0 robe (worn)
Scrolls
 g - a scroll of identify
 j - 3 scrolls of fear {unknown}
 l - a scroll of teleportation
Potions
 b - a potion of magic
 c - 2 potions of cancellation
 d - 3 potions of curing
 e - a potion of attraction
 f - a potion of flight {unknown}
 h - a potion of brilliance {unknown}
 i - a potion of heal wounds {unknown}


   Skills:
 - Level 2.1 Dodging
 - Level 2.0 Stealth
 + Level 2.6 Spellcasting
 + Level 2.9 Conjurations
 * Level 4.5 Fire Magic


You had 2 spell levels left.
You knew the following spells:

 Your Spells              Type           Power      Damage    Failure   Level
a - Foxfire               Conj/Fire      56%        2x1d6     4%          1
b - Scorch                Fire           34%        2d7       4%          2
c - Conjure Flame         Conj/Fire      14%        6-21      12%         3

Your spell library contained the following spells:

 Spells                   Type           Power      Damage    Failure   Level
 Magic Dart               Conj           48%        1d5       5%          1
 Summon Small Mammal      Summ           8%         N/A       19%         1
 Call Imp                 Summ           2%         N/A       28%         2
 Inner Flame              Hex/Fire       9%         N/A       22%         3
 Mephitic Cloud           Conj/Pois/Air  5%         N/A       36%         3
 Flame Wave               Conj/Fire      14%        2d6       36%         4
 Call Canine Familiar     Summ           2%         N/A       50%         3
 Summon Guardian Golem    Hex/Summ       2%         N/A       50%         3


Dungeon Overview and Level Annotations

Branches:
Dungeon (4/15)
 Temple: D:4-7

Altars:
Vehumet

Shops:
D:2 *   D:3 [


Innate Abilities, Weirdness & Mutations

You have a beak for a mouth.
You have claws for feet.


Message History

Done exploring.
Done exploring.
Done exploring.
Done exploring.
(D) Dungeon
Where to? (Enter - D:2, ? - help)
There is a stone staircase leading down here.
You climb downwards.
The gnoll shouts!
You hear a shout!
A gnoll comes into view. It is wielding a +0 whip.
The gnoll hits you from afar with a +0 spear.
Found two leather armours and a robe.
There is a stone staircase leading up here.
Okay, then.
The quokka bites you but does no damage.
The gnoll barely misses you.
You climb upwards.
There is a stone staircase leading down here.
Casting: Foxfire (safe; 4% risk of failure)
Confirm with . or Enter, or press ? or * to list all spells.
You conjure some foxfire!
The quokka bites you but does no damage.
The gnoll closely misses you.
The foxfire hits the gnoll.
The gnoll is lightly wounded.
The foxfire hits the quokka.
The quokka is heavily wounded.
The quokka bites you. The gnoll hits you with a +0 flail!
* * * LOW HITPOINT WARNING * * *
The quokka bites you but does no damage.
Casting: Foxfire (safe; 4% risk of failure)
Confirm with . or Enter, or press ? or * to list all spells.
You conjure some foxfire!
The gnoll closely misses you. The quokka barely misses you.
The foxfire hits the quokka.
The quokka is severely wounded.
The foxfire hits the gnoll.
The gnoll is moderately wounded.
The gnoll hits you with a +0 flail.
You die...

#.)#........#
#...........#
##..#.......#
########.÷#.......#
#.........#.......##
#.#######.####.....#
##.#######..#######.#
#<.........r.g....#.#
##.########.@...#†#.##
#.# #####.#....#
#.###### #.#....##
#......# #.#.##..##
######.# #.#......#
#.# #.#......# #.#
#.#..._..#
#.#######.#......#
#.........#......#


You could see a gnoll and a quokka.

Vanquished Creatures
  2 adders
  2 dart slugs
  5 ball pythons
  6 bats
  7 endoplasms
  2 giant cockroaches
  5 goblins
  3 hobgoblins
  6 jackals
  5 kobolds
  3 frilled lizards
  A rat (D:1)
47 creatures vanquished.

Vanquished Creatures (collateral kills)
  7 foxfires (D:2)
7 creatures vanquished.

Vanquished Creatures (others)
  201 foxfires
  2 plants (D:2)
203 creatures vanquished.

Grand Total: 257 creatures vanquished

Notes
Turn   | Place    | Note
-------+----------+-------------------------------------------
     0 | D:1      | kae the Tengu Fire Elementalist began the quest for the
                  | Orb.
     0 | D:1      | Reached XP level 1. HP: 10/10 MP: 4/4
   273 | D:1      | Reached XP level 2. HP: 15/15 MP: 3/6
  1086 | D:1      | Found a faded altar of an unknown god.
  1102 | D:1      | Reached skill level 4 in Fire Magic
  1102 | D:1      | Reached XP level 3. HP: 19/19 MP: 5/7
  1105 | D:1      | Learned a level 2 spell: Scorch
  1109 | D:1      | Learned a level 3 spell: Conjure Flame
  1542 | D:2      | You fall into a shaft and drop 2 floors!
  1782 | D:3      | Reached XP level 4. HP: 18/24 MP: 4/8
  1879 | D:3      | Found Remnoel's Antique Armour Shop.
  2084 | D:2      | Found Gepynuos's General Store.
  2093 | D:2      | Bought 2 potions of curing for 84 gold pieces
  2093 | D:2      | Bought a scroll of identify for 28 gold pieces
  2718 | D:2      | Found a radiant altar of Vehumet.
  2797 | D:2      | Slain by a gnoll

Illustrated notes

Levels and vault maps discovered:
D:1:      dpeg_arrival_tiny_d, layout_loops_ring,
          nicolae_ecumenical_lake_church, minmay_misc_feat_nine_boxes
D:2:      layout_basic, serial_shops, nicolae_shop_hallway_plus, basic_altar,
          chequers_decorated_corner, serial_bayou_lagoon_a
D:3:      layout_basic, serial_shops, shop
D:4:      layout_layer_cave, uniq_grinder

Skill      XL: |  1  2 |
---------------+-------+-----
Conjurations   | 2 |  2.9
Fire Magic     | 4 |  4.5
Dodging        | |  2.1
Stealth        | |  2.0
Spellcasting   | |  2.6

Action                   |  1- 3 |  4- 6 || total
-------------------------+-------+-------++-------
Melee: Unarmed           |     6 |    13 ||    19
       Peck              |     2 |     4 ||     6
       Kick              |     1 |     4 ||     5
 Cast: Foxfire           |    79 |    48 ||   127
  Use: Scroll            |     4 |     1 ||     5
Armor: Robe              |     1 |     8 ||     9
Dodge: Dodged            |    20 |    19 ||    39

Table legend: (Time is in decaauts)
 A = Elapsed time spent in this place.
 B = Non-inter-level travel time spent in this place.
 C = Inter-level travel time spent in this place.
 D = Time resting spent in this place.
 E = Time spent auto-exploring this place.
 F = Levels seen in this place.
 G = Mean time per level.
                   A        B        C        D        E       F      G
               +--------+--------+--------+--------+--------+-----+--------+
         Total |   2801 |   2781 |     20 |      4 |   2359 |   4 |  700.2 |
       Dungeon |   2801 |   2781 |     20 |      4 |   2359 |   4 |  700.2 |
               +--------+--------+--------+--------+--------+-----+--------+

Top non-repeatable levels by time:
     D:1: 1396 daAuts
     D:2: 1017 daAuts
     D:4: 195 daAuts
     D:3: 191 daAuts
